 Dungeon Crawl Stone Soup version 0.30.1-3-gfc49f6343a (webtiles) character file.

Game seed: 1070436978950404281

102 Wiggles the Chopper (level 4, -3/40 HPs)
             Began as a Minotaur Berserker on July 25, 2023.
             Was a Believer of Trog.
             Slain by Sigmund
             ... wielding a +0 heavy scythe
              (14 damage)
             ... on level 4 of the Dungeon.
             The game lasted 00:02:58 (1224 turns).

Wiggles the Chopper (Minotaur Berserker)            Turns: 1224, Time: 00:02:59

Health: -3/40      AC:  6    Str: 23    XL:     4   Next: 50%
Magic:  3/3        EV: 10    Int:  4    God:    Trog [**....]
Gold:   83         SH:  0    Dex: 10    Spells: 3/3 levels left

rFire   . . .        a - +0 hand axe
rCold   . . .        (no shield)
rNeg    . . .        j - +0 scale mail
rPois   .            (helmet restricted)
rElec   .            (no cloak)
rCorr   +            (no gloves)
SInv    .            (no boots)
Will    .....        (no amulet) Stlth
                     h - ring of resist corrosion
HPRegen 0.26/turn    (no ring)
MPRegen 0.08/turn

%: no passive effects
@: on berserk cooldown
A: horns 2, retaliatory headbutt
a: Renounce Religion, Berserk, Trog's Hand


You were on level 4 of the Dungeon.
You worshipped Trog.
Trog was pleased with you.
You visited 1 branch of the dungeon, and saw 3 of its levels.

You collected 83 gold pieces.

Inventory:

Hand Weapons
 a - a +0 hand axe (weapon)
Armour
 j - a +0 scale mail (worn)
Jewellery
 h - a ring of resist corrosion (left hand)
Scrolls
 b - a scroll of silence {unknown}
 f - a scroll of fog {unknown}
 g - a scroll of identify {unknown}
 k - a scroll of teleportation {unknown}
 l - a scroll of poison {unknown}
Potions
 c - a potion of berserk rage {unknown}
 d - 3 potions of curing
 e - a potion of flight {unknown}
 i - a potion of heal wounds {unknown}


   Skills:
 - Level 4.2 Fighting
 + Level 5.9 Axes
 - Level 2.7 Armour
 - Level 2.3 Dodging


You had 3 spell levels left.
You didn't know any spells.
Your spell library was empty.

Dungeon Overview and Level Annotations

Branches:
Dungeon (4/15)
 Temple: D:4-7

Altars:
Okawaru

Annotations:
D:4 Sigmund


Innate Abilities, Weirdness & Mutations

You have a pair of horns on your head.
You reflexively headbutt those who attack you in melee.


Message History

You feel yourself slow down.
l - a scroll labelled CUNITATT GIRE
Found 14 gold pieces.
Found 3 scrolls labelled NOETUTEAHU.
You now have 83 gold pieces (gained 14).
Found 12 gold pieces and 5 stones.
Found a scroll labelled IVECKEH POILE.
Sigmund the Dreaded comes into view.
He is wielding a +0 heavy scythe.
Found a scroll labelled NUKLACA NALIM.
Sigmund shouts!
Sigmund hits you from afar with a +0 heavy scythe!!
You're still recovering from your berserk rage.
You hit Sigmund.
Sigmund is lightly wounded.
Sigmund points at you and mumbles some strange words.
You are confused.
You're too confused to move!
Sigmund barely misses you.
You're too confused to move!
You feel yourself speed up. Sigmund casts a spell at you.
The magic dart hits you.
You're still recovering from your berserk rage.
You barely miss Sigmund.
Sigmund is lightly wounded.
Sigmund mumbles some strange words.
Sigmund flickers and vanishes!
Deactivating autopickup; reactivate with Ctrl-A.
Something hits you!
* * * LOW HITPOINT WARNING * * *
You closely miss something.
You feel less confused.
You hear some strange, mumbled words.
You are confused.
Something completely misses you. Something hits you!
* * * LOW HITPOINT WARNING * * *
It was a potion of curing.
You feel better.
You're still recovering from your berserk rage.
Something hits you!
You die...

##########.#
#.# #.# #.#
#.## ###..###
#......##
#.......#####
#...@....$?..
#.?.{..##....
#......# ...
#.(....# .
#......#
#..?...#
#......#
#......#


There were no monsters in sight!

Vanquished Creatures
  A scorpion (D:4)
  A gnoll (D:1)
  A dart slug (D:1)
  3 ball pythons (D:1)
  An endoplasm (D:1)
  3 giant cockroaches
  A goblin (D:1)
  5 hobgoblins
  A quokka (D:1)
  2 bats (D:1)
  3 frilled lizards (D:1)
  4 kobolds (D:1)
  8 rats (D:1)
34 creatures vanquished.

Notes
Turn   | Place    | Note
-------+----------+-------------------------------------------
     0 | D:1      | Wiggles the Minotaur Berserker began the quest for the Orb.
     0 | D:1      | Reached XP level 1. HP: 19/19 MP: 0/0
    96 | D:1      | Reached XP level 2. HP: 20/27 MP: 1/1
   137 | D:1      | Reached skill level 4 in Axes
   272 | D:1      | Found a faded altar of an unknown god.
   306 | D:1      | Reached ** piety under Trog
   412 | D:1      | Reached XP level 3. HP: 33/33 MP: 2/2
  1133 | D:2      | You fall into a shaft and drop 2 floors!
  1140 | D:4      | Found an iron altar of Okawaru.
  1175 | D:4      | Noticed a scorpion
  1180 | D:4      | Killed a scorpion
  1181 | D:4      | Reached skill level 5 in Axes
  1181 | D:4      | Reached XP level 4. HP: 40/40 MP: 3/3
  1208 | D:4      | Noticed Sigmund
  1221 | D:4      | HP: 1/40 [something (11)]
  1224 | D:4      | Slain by Sigmund

Illustrated notes

Levels and vault maps discovered:
D:1:      dpeg_arrival_ratfight, layout_basic,
          dreamdust_ecumenical_altar_statues, serial_forest,
          infiniplex_forest_end_1, infiniplex_forest_split,
          infiniplex_forest_clump_C, infiniplex_forest_straight_3,
          infiniplex_forest_clump_tiny, minmay_tree_intersection,
          dreamdust_mushroom_princess, minmay_cupped
D:2:      layout_basic
D:4:      layout_basic, okawaru_trees_1, uniq_natasha, uniq_sigmund

Skill      XL: |  1  2  3 |
---------------+----------+-----
Fighting       | 4 |  4.2
Axes           | 4 5 |  5.9
Armour         | |  2.7
Dodging        | |  2.3

Action                     |  1- 3 |  4- 6 || total
---------------------------+-------+-------++-------
  Melee: Hand axe          |    63 |     3 ||    66
         Headbutt          |     7 |       ||     7
         Punch             |     1 |       ||     1
 Invoke: Berserk           |     1 |       ||     1
    Use: Potion            |       |     1 ||     1
 Armour: Leather armour    |     9 |       ||     9
         Scale mail        |     4 |       ||     4
  Dodge: Dodged            |    31 |     2 ||    33
